Map: Rhoskallian LE

Players

Throwfordays

  • Race: Protoss Protoss
  • League: Silver
  • Spawn Location: 5:00

Faust

  • Race: Zerg Zerg
  • League: Diamond
  • Spawn Location: 6:00

democracy

  • Race: Zerg Zerg
  • League: Gold
  • Spawn Location: 12:00

wellardia

  • Race: Protoss Protoss
  • League: Gold
  • Spawn Location: 11:00

VOD

Have the link to the VOD?

Description

Time

  • Played on: July 29, 2020, 8:47 p.m.
  • Length: 22:36
Show
View Real Time Build Order
Export as new Build Order

Throwfordays Protoss 

Build Orders: Carriers 

Get SALT Encoding   

  12  0:01  Probe  
  13  0:13  Probe  
  14  0:24  Pylon  
  14  0:28  Probe  
  15  0:44  Gateway  
  15  0:47  Probe (Chrono Boost)  
  17  0:58  Probe (Chrono Boost)  
  17  1:03  Assimilator, Probe (Chrono Boost)  
  18  1:13  Probe  
  19  1:25  Probe  
  20  1:33  Cybernetics Core  
  20  1:36  Gateway  
  20  1:41  Probe  
  21  2:00  Nexus  
  21  2:11  Assimilator, Probe  
  22  2:17  Warp Gate (Chrono Boost)  
  22  2:19  Pylon  
  22  2:23  Probe  
  24  2:37  Probe  
  24  2:42  Adept x2  
  28  3:00  Probe  
  29  3:08  Pylon  
  29  3:12  Probe  
  30  3:15  Stalker  
  32  3:20  Stalker  
  32  3:24  Probe  
  35  3:34  Probe  
  35  3:36  Probe  
  37  3:41  Pylon  
  37  3:44  Assimilator  
  37  3:46  Probe  
  38  3:48  Probe  
  38  3:53  Assimilator  
  39  3:58  Probe  
  39  3:59  Stalker  
  39  4:00  Probe  
  39  4:01  Stalker  
  45  4:11  Probe  
  45  4:12  Probe  
  47  4:19  Stargate  
  47  4:23  Probe  
  48  4:25  Probe  
  48  4:31  Stargate  
  49  4:36  Protoss Air Weapons Level 1  
  49  4:52  Probe  
  50  4:53  Probe  
  50  4:56  Stalker  
  50  4:57  Stalker  
  55  5:08  Shield Battery  
  55  5:09  Shield Battery  
  55  5:11  Shield Battery  
  55  5:12  Pylon  
  55  5:18  Void Ray  
  59  5:24  Pylon  
  59  5:26  Probe (Chrono Boost)  
  60  5:29  Probe (Chrono Boost)  
  61  5:38  Probe (Chrono Boost)  
  61  5:39  Probe (Chrono Boost)  
  61  5:42  Shield Battery, Probe (Chrono Boost)  
  63  5:43  Probe (Chrono Boost)  
  65  5:50  Stalker  
  65  5:51  Stalker  
  65  5:52  Void Ray  
  73  6:04  Void Ray  
  77  6:12  Nexus  
  77  6:15  Assimilator  
  77  6:19  Assimilator  
  77  6:22  Pylon  
  77  6:38  Probe  
  78  6:43  Forge, Probe  
  78  6:45  Void Ray  
  83  6:50  Probe  
  84  6:54  Pylon  
  84  6:55  Pylon, Probe  
  84  6:58  Cybernetics Core  
  85  7:02  Probe  
  86  7:12  Pylon, Void Ray, Probe  
  91  7:18  Probe  
  92  7:26  Probe  
  92  7:28  Probe  
  94  7:30  Probe  
  94  7:33  Pylon  
  94  7:35  Pylon  
  95  7:37  Pylon  
  95  7:38  Probe  
  95  7:40  Probe  
  95  7:43  Fleet Beacon, Probe  
  98  7:50  Probe  
  99  7:52  Probe  
  99  7:55  Probe  
  101  7:59  Protoss Shields Level 1  
  101  8:02  Probe  
  101  8:03  Void Ray  
  101  8:04  Probe  
  107  8:07  Probe  
  107  8:09  Void Ray  
  112  8:13  Protoss Air Armor Level 1  
  112  8:14  Probe  
  112  8:16  Stargate, Probe  
  112  8:19  Stargate  
  114  8:28  Probe  
  115  8:34  Flux Vanes  
  115  8:46  Carrier  
  121  8:52  Carrier  
  127  8:55  Nexus  
  127  8:57  Pylon  
  127  9:00  Assimilator  
  127  9:04  Assimilator  
  127  9:05  Carrier  
  133  9:30  Probe  
  135  9:31  Probe  
  135  9:34  Probe  
  136  9:42  Probe, Carrier  
  136  9:45  Stargate  
  143  9:46  Probe  
  144  9:54  Twilight Council, Probe  
  144  9:58  Probe, Carrier  
  152  10:05  Protoss Air Weapons Level 2  
  158  10:21  Carrier  
  158  10:28  Probe  
  159  10:31  Probe  
  160  10:40  Probe  
  161  10:43  Probe  
  162  10:52  Probe  
  162  10:55  Probe  
  145  11:04  Probe  
  139  11:12  Carrier  
  139  11:15  Carrier x3  
  139  11:16  Probe  
  158  11:28  Stalker x2  
  162  11:52  Carrier  
  158  12:09  Stargate  
  158  12:10  Stargate  
  158  12:15  Protoss Shields Level 2  
  158  12:25  Stalker x2  
  162  12:32  Protoss Air Armor Level 2  
  162  12:43  Protoss Air Weapons Level 3  
  131  13:07  Carrier x4  
  131  13:12  Pylon  
  154  13:13  Carrier  
  154  13:14  Pylon  
  154  13:16  Pylon  
  154  13:17  Pylon  
  154  13:18  Pylon  
  141  14:08  Carrier  
  143  14:11  Carrier x3  
  131  15:07  Robotics Facility  
  131  15:11  Templar Archives, Robotics Facility  
  128  15:16  Robotics Facility  
  110  15:35  Protoss Shields Level 3  
  110  15:53  Protoss Air Armor Level 3  
  110  16:14  Robotics Bay  
  110  16:55  Extended Thermal Lance (Chrono Boost)  
  110  17:02  Colossus x3  
  128  17:58  Colossus  
  92  20:21  Nexus  
  92  20:23  Pylon  
  92  20:25  Assimilator  
  92  20:30  Assimilator  
  92  20:45  Carrier x2  
Show
View Real Time Build Order
Export as new Build Order

Faust Zerg 

Build Orders: Hatch First, Lurkers 

Get SALT Encoding   

  12  0:00  Drone  
  13  0:09  Drone  
  14  0:17  Extractor  
  14  0:18  Drone  
  15  0:23  Overlord  
  15  0:44  Drone x2  
  17  0:54  Hatchery  
  16  0:58  Drone  
  17  1:07  Extractor  
  17  1:08  Drone  
  17  1:17  Spawning Pool  
  16  1:23  Drone  
  16  1:25  Drone  
  18  1:29  Drone  
  19  1:42  Overlord  
  19  2:07  Queen x2  
  23  2:09  Metabolic Boost  
  23  2:11  Zergling x4  
  25  2:22  Drone  
  26  2:26  Drone x3  
  29  2:33  Baneling Nest  
  29  2:35  Drone  
  29  2:42  Overlord  
  29  2:52  Zergling x6  
  32  3:05  Drone x2  
  34  3:07  Zergling x2  
  35  3:13  Drone  
  36  3:21  Drone x2  
  36  3:22  Drone x4  
  42  3:31  Lair  
  42  3:34  Baneling x2  
  42  3:35  Drone x2  
  44  3:43  Overlord  
  42  4:01  Drone  
  40  4:10  Drone x2  
  40  4:12  Hatchery  
  40  4:15  Extractor, Drone  
  40  4:17  Drone x3  
  43  4:19  Drone x3  
  43  4:23  Extractor  
  46  4:25  Extractor  
  46  4:26  Drone  
  46  4:28  Roach Warren  
  46  4:31  Drone  
  46  4:35  Baneling  
  46  4:36  Baneling  
  46  4:48  Drone  
  46  4:49  Drone, Overlord x3  
  48  4:53  Drone  
  48  4:54  Drone x2  
  48  4:55  Drone  
  52  5:03  Spore Crawler  
  51  5:10  Spore Crawler  
  51  5:11  Drone x2  
  52  5:19  Spore Crawler  
  52  5:20  Drone  
  53  5:21  Drone x6  
  58  5:28  Glial Reconstitution  
  58  5:32  Burrow  
  58  5:35  Evolution Chamber  
  57  5:39  Evolution Chamber  
  57  5:41  Drone x3, Hydralisk Den  
  57  5:42  Drone  
  59  5:43  Drone  
  59  5:44  Drone x6  
  59  5:47  Overlord  
  66  5:55  Overseer  
  66  5:57  Overseer  
  66  5:59  Drone x3  
  66  6:01  Spine Crawler  
  66  6:02  Zergling x2  
  69  6:06  Pneumatized Carapace  
  69  6:56  Zerg Melee Weapons Level 1, Zerg Missile Weapons Level 1  
  69  6:59  Hydralisk Den  
  69  7:02  Lurker Den  
  68  7:20  Hydralisk, Grooved Spines  
  68  7:21  Hydralisk x2  
  74  7:22  Overlord  
  74  7:23  Overlord x5  
  74  7:42  Hatchery  
  73  7:44  Hydralisk  
  73  7:45  Hydralisk x8  
  73  7:49  Extractor, Drone  
  73  7:50  Queen, Extractor  
  92  8:03  Centrifical Hooks, Infestation Pit  
  91  8:05  Tunneling Claws  
  91  8:11  Drone  
  91  8:12  Drone x3  
  95  8:13  Drone x2  
  95  8:14  Overlord x3  
  97  8:33  Roach x9  
  115  8:36  Roach  
  117  8:49  Roach  
  117  8:50  Roach x2  
  117  8:52  Roach  
  117  8:54  Roach  
  127  8:59  Queen  
  127  9:01  Drone  
  127  9:02  Drone x10  
  140  9:11  Roach x3  
  140  9:12  Overlord  
  146  9:29  Queen  
  148  9:32  Roach  
  148  9:33  Roach x5  
  148  9:34  Overlord x4  
  160  9:53  Roach  
  160  9:54  Roach x7  
  160  9:58  Zerg Melee Weapons Level 2  
  160  9:59  Zerg Missile Weapons Level 2  
  176  10:10  Drone x3  
  176  10:12  Drone x3  
  176  10:13  Drone x2  
  184  10:15  Extractor  
  184  10:16  Extractor  
  182  10:26  Hive  
  142  10:55  Roach x2  
  142  10:56  Roach x5, Hydralisk x15  
  142  10:57  Hydralisk x2  
  144  10:58  Roach x4  
  152  11:05  Lurker x2  
  146  11:29  Lurker  
  146  11:30  Lurker x3  
  138  11:37  Lurker x3  
  111  11:58  Hydralisk x5  
  111  11:59  Hydralisk x8  
  137  12:12  Spire  
  137  12:15  Drone x4  
  139  12:16  Drone x2  
  142  12:29  Extractor, Seismic Spines  
  141  12:31  Hatchery  
  141  12:36  Extractor  
  122  13:04  Drone  
  122  13:05  Drone x13  
  132  13:06  Drone  
  132  13:07  Drone x2  
  133  13:17  Infestor, Overlord x2  
  135  13:25  Corruptor  
  135  13:26  Adaptive Talons  
  137  13:36  Hatchery  
  136  13:41  Corruptor x2  
  136  13:42  Corruptor x3  
  134  13:59  Lurker x2  
  134  14:00  Lurker x2  
  134  14:02  Overseer x2  
  138  14:06  Zerg Melee Weapons Level 3  
  138  14:08  Zerg Missile Weapons Level 3  
  138  14:11  Drone x3  
  138  14:12  Drone x3  
  138  14:13  Infestor  
  125  15:03  Corruptor x10  
  127  15:17  Hydralisk x6  
  135  15:37  Hydralisk x8  
  140  15:47  Lurker x2  
  140  15:48  Hydralisk  
  140  15:49  Hydralisk x4  
  138  15:50  Queen  
  138  15:52  Queen  
  138  15:54  Drone x3  
  142  15:59  Greater Spire  
  142  16:04  Lurker  
  136  16:06  Lurker  
  135  16:12  Lurker  
  136  16:21  Hatchery  
  103  17:01  Lurker x5  
  102  17:02  Lurker x3  
  59  17:25  Zergling x26  
  59  17:26  Zergling x20  
  59  17:28  Zergling x2  
  83  17:30  Zerg Ground Armor Level 1  
  83  17:37  Zergling x2  
  83  17:38  Zergling x6  
  83  17:43  Hatchery  
  86  17:45  Zergling x6  
  86  17:46  Zergling x2  
  86  17:49  Baneling  
  86  17:50  Baneling x16  
  86  17:51  Baneling x19  
  90  17:53  Zergling x2  
  91  18:00  Zergling x2  
  68  18:54  Zergling x2  
  68  18:55  Zergling x24  
  64  19:03  Zergling x2  
  64  19:04  Zergling x8  
  69  19:13  Overlord x2  
  68  19:17  Overseer  
  67  19:30  Zergling x2  
  67  19:31  Zergling x14  
  56  19:48  Zergling x12  
  58  20:00  Zergling x2  
  58  20:01  Zergling x10  
  61  20:26  Adrenal Glands  
  61  20:29  Extractor  
  61  20:30  Hatchery  
  61  20:33  Extractor  
  54  20:51  Zergling x2  
  54  20:52  Zergling x4  
  48  21:13  Zergling x2  
  48  21:14  Zergling x10  
  52  21:24  Extractor, Drone  
  19  21:40  Baneling  
  19  21:41  Baneling x4  
  19  21:43  Baneling  
  19  22:09  Baneling x3  
Show
View Real Time Build Order
Export as new Build Order

democracy Zerg 

Build Orders: Hatch First 

Get SALT Encoding   

  12  0:00  Drone  
  13  0:13  Overlord  
  13  0:18  Drone  
  14  0:31  Drone x2  
  16  0:53  Drone  
  16  0:56  Drone  
  18  0:57  Hatchery  
  17  1:05  Drone  
  18  1:12  Extractor  
  17  1:19  Spawning Pool  
  17  1:21  Drone  
  17  1:23  Drone  
  18  1:38  Drone  
  19  1:41  Drone  
  20  1:54  Overlord  
  20  2:06  Queen  
  22  2:08  Queen  
  22  2:09  Zergling x2  
  22  2:10  Zergling x2  
  26  2:16  Drone  
  26  2:17  Metabolic Boost  
  27  2:23  Drone x2  
  29  2:32  Drone  
  29  2:33  Drone  
  31  2:42  Baneling Nest, Overlord  
  30  2:45  Drone  
  31  2:53  Queen  
  33  3:05  Drone x3  
  34  3:09  Zergling x2  
  37  3:22  Drone x3  
  37  3:23  Drone x4  
  44  3:27  Overlord  
  44  3:34  Overlord  
  44  3:35  Overlord  
  44  3:37  Baneling x3  
  43  3:53  Zergling x6  
  46  4:01  Zergling x2  
  46  4:11  Extractor  
  46  4:12  Extractor  
  46  4:15  Spore Crawler  
  46  4:17  Extractor  
  42  4:18  Spore Crawler  
  42  4:19  Queen  
  42  4:22  Drone x2  
  42  4:23  Drone x3  
  48  4:31  Drone  
  49  4:43  Overlord x2  
  49  4:46  Hatchery  
  48  5:04  Drone, Evolution Chamber  
  48  5:05  Drone x4  
  48  5:06  Drone  
  48  5:07  Drone, Roach Warren  
  53  5:14  Lair  
  53  5:16  Pneumatized Carapace  
  53  5:25  Drone x2  
  53  5:26  Drone  
  53  5:27  Drone  
  57  5:56  Roach x3  
  57  5:57  Roach x6  
  69  6:00  Queen  
  69  6:01  Drone x2  
  79  6:24  Drone x3, Overlord  
  79  6:25  Overlord x4  
  82  6:49  Hydralisk Den  
  82  6:52  Extractor, Drone x3  
  82  6:53  Spore Crawler, Drone x7  
  89  6:54  Extractor  
  88  7:06  Zerg Missile Weapons Level 1, Glial Reconstitution  
  88  7:24  Hatchery  
  88  7:27  Grooved Spines  
  88  7:29  Drone  
  88  7:34  Drone x3  
  88  7:36  Drone x3, Hydralisk x3  
  88  7:37  Hydralisk x3  
  106  8:13  Infestation Pit  
  106  8:15  Lurker Den  
  104  8:22  Drone, Evolution Chamber  
  104  8:25  Drone x3  
  104  8:26  Drone x5  
  112  8:28  Overlord x2, Hydralisk  
  112  8:29  Hydralisk x4  
  122  8:37  Baneling x9  
  122  8:38  Muscular Augments  
  122  8:41  Overseer  
  122  8:44  Overseer  
  122  8:46  Queen  
  124  8:56  Spore Crawler, Drone x12, Spine Crawler  
  124  8:58  Spine Crawler  
  124  9:01  Extractor  
  132  9:05  Extractor, Zerg Missile Weapons Level 2  
  132  9:06  Zerg Ground Armor Level 1  
  131  9:15  Drone  
  131  9:16  Drone x3  
  135  9:23  Overseer x2  
  135  9:25  Hydralisk x4  
  135  9:29  Overlord x6  
  135  9:30  Overlord  
  143  9:36  Centrifical Hooks  
  143  9:39  Hive  
  143  10:14  Infestor x3  
  143  10:15  Infestor x3  
  155  10:22  Burrow  
  155  10:25  Pathogen Glands  
  153  10:55  Hydralisk x4  
  153  10:56  Hydralisk x18  
  186  10:57  Hatchery  
  175  11:21  Neural Parasite  
  175  11:23  Hydralisk x8  
  175  11:24  Zergling x2  
  192  11:29  Overlord x5  
  192  11:30  Overlord x2  
  168  11:55  Hydralisk x7  
  168  11:56  Hydralisk x3  
  184  12:05  Adaptive Talons  
  184  12:12  Drone x2  
  184  12:13  Drone x3  
  189  12:16  Queen  
  191  12:34  Infestor  
  191  12:40  Hatchery  
  182  13:02  Seismic Spines  
  173  13:16  Overseer x6  
  173  13:17  Overseer  
  141  13:56  Hydralisk x12  
  141  13:57  Hydralisk x17  
  197  14:28  Zergling x2  
  197  14:29  Zergling x4  
  200  14:58  Hydralisk x2  
  200  14:59  Hydralisk x9  
  200  15:08  Zerg Missile Weapons Level 3, Zerg Ground Armor Level 2  
  192  16:25  Spire  
  187  17:34  Extractor x2  
  185  17:39  Corruptor x7  
  199  17:55  Extractor  
  175  18:40  Hydralisk x11  
  175  18:41  Hydralisk x29  
  193  19:16  Hydralisk x3  
  199  19:17  Zergling x2  
  200  19:44  Hydralisk  
  200  19:45  Hydralisk x11  
  182  19:54  Hydralisk x12  
  182  19:55  Hydralisk x4  
  171  20:02  Hydralisk x3  
  157  20:29  Hydralisk  
  157  20:30  Hydralisk x14  
  187  21:06  Hatchery  
  186  21:51  Infestor x5  
Show
View Real Time Build Order
Export as new Build Order

wellardia Protoss 

Build Orders: Zealot Archon 

Get SALT Encoding   

  12  0:00  Probe  
  13  0:12  Probe  
  14  0:21  Pylon  
  14  0:24  Probe  
  15  0:39  Probe (Chrono Boost)  
  16  0:44  Gateway  
  16  0:51  Probe (Chrono Boost)  
  16  0:55  Assimilator  
  17  0:58  Probe (Chrono Boost)  
  18  1:07  Probe  
  19  1:11  Pylon  
  19  1:19  Probe  
  20  1:27  Assimilator  
  20  1:31  Probe (Chrono Boost)  
  21  1:42  Cybernetics Core  
  21  1:43  Pylon, Probe (Chrono Boost)  
  22  1:58  Probe  
  23  2:11  Probe  
  23  2:14  Warp Gate (Chrono Boost)  
  24  2:17  Nexus  
  24  2:23  Probe  
  25  2:35  Probe  
  26  2:37  Stalker  
  28  2:47  Probe  
  29  2:54  Gateway  
  29  3:05  Robotics Facility, Probe  
  29  3:13  Twilight Council  
  29  3:17  Stalker, Probe  
  32  3:29  Probe  
  32  3:30  Probe  
  34  3:41  Probe  
  34  3:43  Probe  
  34  3:47  Gateway  
  36  3:52  Zealot  
  36  3:55  Zealot  
  38  4:07  Pylon  
  38  4:09  Shield Battery  
  38  4:11  Probe  
  38  4:12  Probe  
  38  4:14  Assimilator  
  40  4:17  Pylon  
  40  4:18  Blink (Chrono Boost)  
  40  4:20  Observer  
  41  4:33  Templar Archives, Probe  
  41  4:34  Probe  
  43  4:40  Stalker  
  45  4:45  Probe  
  45  4:46  Probe  
  45  4:47  Assimilator  
  47  4:58  Probe x2  
  49  5:05  Stalker  
  49  5:06  Psionic Storm, Stalker x2  
  55  5:10  Probe x2  
  57  5:22  Probe x2  
  59  5:34  Pylon, Probe x2  
  60  5:46  Probe, Immortal (Chrono Boost)  
  60  5:47  Forge  
  60  5:48  Forge  
  65  5:51  Stalker  
  65  5:53  Zealot  
  69  6:01  Probe x2  
  69  6:02  Gateway  
  71  6:13  High Templar  
  71  6:17  Charge  
  73  6:24  Protoss Ground Weapons Level 1 (Chrono Boost), Probe x2  
  75  6:28  Observer  
  76  6:33  Photon Cannon  
  76  6:37  Nexus  
  76  6:38  Stalker  
  78  6:44  Pylon  
  78  7:03  Pylon  
  78  7:06  Protoss Ground Armor Level 1 (Chrono Boost), Photon Cannon  
  78  7:08  Photon Cannon  
  78  7:11  Photon Cannon, High Templar x2  
  82  7:15  Archon  
  82  7:20  Probe x2  
  84  7:25  Photon Cannon  
  84  7:30  Pylon  
  84  7:32  Probe x2  
  86  7:45  Robotics Bay  
  86  7:48  Pylon  
  86  7:49  Pylon x2, Stalker x3  
  92  7:51  Probe x2  
  92  7:52  Probe  
  95  8:03  Probe  
  96  8:15  Gateway  
  96  8:16  Gateway  
  96  8:17  Gateway  
  96  8:18  Gateway  
  96  8:21  Protoss Shields Level 1 (Chrono Boost)  
  96  8:24  High Templar  
  96  8:25  High Templar  
  100  8:28  Archon  
  100  8:29  Probe x3  
  100  8:32  Assimilator  
  103  8:37  Assimilator, Colossus (Chrono Boost)  
  109  8:41  Probe  
  109  8:45  Extended Thermal Lance (Chrono Boost)  
  110  8:53  Zealot  
  112  8:59  Probe x3  
  115  9:06  Zealot x2  
  119  9:11  Probe x3  
  119  9:15  Protoss Ground Weapons Level 2 (Chrono Boost)  
  122  9:17  Stalker  
  122  9:18  Stalker  
  122  9:23  Nexus, Probe  
  127  9:26  Pylon  
  127  9:30  Pylon  
  127  9:38  High Templar  
  127  9:39  High Templar x2  
  127  9:42  Zealot x4  
  127  9:45  Archon  
  141  9:53  Pylon  
  141  9:55  Photon Cannon  
  141  9:57  Pylon  
  141  9:58  Photon Cannon, Probe x2  
  141  9:59  Shield Battery  
  144  10:00  Shield Battery, Probe  
  145  10:07  Observer (Chrono Boost)  
  145  10:21  Observer (Chrono Boost)  
  145  10:22  Stalker  
  145  10:23  Stalker x3  
  145  10:24  Stalker  
  156  10:28  Pylon  
  156  10:32  Pylon  
  156  10:34  Pylon  
  156  10:35  Probe x4  
  159  10:39  Colossus  
  112  11:00  Stalker x2  
  112  11:01  Stalker x5  
  88  11:48  Stalker x4  
  88  11:49  Stalker x3  
  88  11:50  Probe x3  
  88  11:51  Probe  
  106  12:10  Photon Cannon  
  106  12:11  Photon Cannon  
  106  12:13  Photon Cannon  
  106  12:15  Photon Cannon, Colossus (Chrono Boost)  
  106  12:18  Shield Battery  
  106  12:20  Shield Battery  
  106  12:22  Gateway x2, Stalker x6  
  120  12:24  Gateway  
  120  12:25  Gateway  
  120  12:29  Gateway  
  124  12:30  Gateway x2  
  124  12:40  High Templar  
  124  12:43  Pylon  
  126  12:44  Pylon  
  126  13:03  Stalker x5  
  126  13:04  Stalker  
  138  13:18  Stalker  
  132  13:28  Colossus  
  120  13:50  Stalker x3  
  120  13:51  Stalker x7  
  120  13:52  Stalker x3  
  122  14:05  Stalker x2  
  122  14:07  Probe x3  
  121  14:27  Stalker x4  
  121  14:28  Stalker x5  
  121  14:29  Stalker x3  
  137  14:48  Stalker x3  
  141  15:14  High Templar x6  
  143  15:15  High Templar x4  
  161  15:27  Archon x4  
  161  15:28  Archon  
  159  16:02  Stalker x5  
  159  16:03  Stalker x5  
  171  16:14  High Templar x2  
  171  16:16  Zealot x2  
  171  16:17  Zealot  
  181  16:19  Archon  
  181  16:21  Nexus, Pylon  
  181  16:24  Pylon  
  181  16:27  Pylon  
  181  16:34  Photon Cannon  
  181  16:35  Stalker x6  
  181  16:36  Photon Cannon  
  181  16:37  Photon Cannon  
  193  16:43  Assimilator  
  193  16:47  Assimilator, Nexus  
  193  16:49  Assimilator  
  193  16:50  Pylon  
  193  16:52  Assimilator  
  193  16:53  Pylon  
  193  16:55  Photon Cannon  
  193  16:56  Photon Cannon  
  193  16:57  Pylon  
  193  16:58  Photon Cannon  
  193  17:00  Photon Cannon  
  193  17:02  Photon Cannon  
  169  17:22  High Templar x3  
  173  17:24  Zealot x5  
  173  17:25  Zealot x7  
  173  17:27  Archon  
  197  17:31  Probe x3  
  200  18:01  Protoss Ground Armor Level 2  
  174  18:45  Stalker x3  
  174  18:46  Stalker x6  
  174  18:47  Stalker x2  
  138  18:59  Stalker x2  
  138  19:00  Stalker x2  
  142  19:28  Stalker x4  
  142  19:29  Stalker x4  
  148  19:49  Stalker  
  148  19:50  Stalker  
  148  19:51  Zealot x4  
  148  19:52  Zealot x7  
  144  19:53  Zealot  
  144  19:56  Assimilator  
  144  19:59  Assimilator  
  126  20:10  Nexus  
  126  20:12  Pylon  
  126  20:16  Stalker x3  
  130  20:36  Stalker x3  
  130  20:37  Stalker x2  
  138  20:55  Stalker x3  
  138  20:56  Stalker x3  
  150  21:11  Nexus  
  150  21:16  Photon Cannon  
  150  21:31  Stalker x2  
  150  21:32  Stalker x3  
  152  21:33  Stalker  
  152  21:47  Stalker  
  152  21:49  High Templar  
  152  21:50  High Templar x4  
  152  21:53  Archon  
  152  21:54  Archon  
  154  22:09  Stalker x6  
  154  22:10  Stalker  
  166  22:27  Stalker  
  166  22:28  Stalker x4  
Tags
 
Add a new tag
Caveats
  • Supply blocks, unpowered buildings, or Contaminate may cause inaccurate times.
  • Supply counts are checked every 10 seconds.